Map: Cyber Forest LE

Players

playezvibe - Winner!

  • Race: Protoss Protoss
  • League: Bronze
  • Spawn Location: 11:00

준식뽀꾸

  • Race: Terran Terran
  • League: Bronze
  • Spawn Location: 5:00

VOD

Have the link to the VOD?

Description

Time

  • Played on: June 23, 2019, 4:28 a.m.
  • Length: 17:29
Show
View Real Time Build Order
Export as new Build Order

playezvibe Protoss - Winner!

Build Orders:  

Get SALT Encoding   

  12  0:13  Pylon  
  12  0:18  Probe  
  13  0:30  Probe  
  13  0:34  Gateway  
  14  0:39  Probe  
  15  0:47  Probe  
  15  0:56  Probe  
  17  1:06  Assimilator  
  17  1:08  Probe  
  18  1:20  Probe  
  19  1:33  Probe  
  19  1:34  Cybernetics Core  
  19  1:39  Assimilator  
  20  1:42  Probe  
  20  1:47  Pylon  
  21  1:50  Probe  
  21  2:00  Probe  
  23  2:08  Gateway  
  23  2:11  Gateway  
  23  2:12  Probe  
  23  2:15  Stalker  
  26  2:31  Warp Gate  
  26  2:50  Nexus  
  26  3:02  Forge  
  26  3:11  Sentry  
  28  3:14  Sentry  
  30  3:34  Pylon  
  30  3:43  Pylon  
  30  3:52  Sentry, Pylon, Adept  
  34  3:59  Probe  
  35  4:07  Probe  
  35  4:08  Probe  
  35  4:16  Probe x2  
  39  4:24  Probe  
  39  4:27  Shield Battery  
  39  4:29  Probe  
  39  4:30  Shield Battery  
  41  4:36  Probe  
  42  4:41  Probe  
  42  4:45  Pylon  
  43  4:48  Probe  
  43  4:51  Stalker  
  43  4:52  Stalker  
  48  4:53  Stalker  
  50  5:12  Photon Cannon  
  50  5:17  Probe  
  51  5:22  Probe  
  51  5:25  Probe  
  52  5:30  Probe  
  52  5:32  Protoss Ground Weapons Level 1  
  52  5:35  Probe, Assimilator  
  54  5:37  Assimilator  
  54  5:40  Probe  
  55  5:47  Probe  
  55  5:48  Sentry x2  
  55  5:49  Sentry  
  63  5:52  Probe  
  64  5:59  Probe  
  65  6:04  Probe  
  66  6:16  Robotics Facility  
  66  6:20  Twilight Council  
  66  6:30  Stargate  
  66  6:51  Probe  
  66  6:59  Probe  
  67  7:01  Zealot x2  
  67  7:02  Zealot  
  75  7:09  Probe  
  75  7:23  Pylon  
  75  7:28  Pylon  
  75  7:42  Templar Archives  
  75  7:43  Void Ray  
  79  7:45  Protoss Ground Armor Level 1  
  79  7:47  Protoss Air Weapons Level 1  
  79  7:50  Fleet Beacon  
  79  7:55  Gateway  
  79  7:56  Gateway  
  79  8:01  Gateway  
  79  8:04  Gateway  
  79  8:08  Gateway  
  79  8:11  Gateway  
  79  8:15  Gateway  
  79  8:18  Gateway  
  79  8:23  Pylon  
  79  8:25  Pylon  
  79  8:29  Pylon  
  79  8:42  Nexus  
  79  8:54  Pylon  
  79  9:12  High Templar x3  
  79  9:13  High Templar  
  79  9:14  High Templar x3  
  79  9:17  Zealot x4  
  95  9:21  Archon  
  95  9:22  Archon x2  
  101  9:40  Stargate  
  101  9:45  Robotics Facility  
  101  9:48  Robotics Bay  
  101  9:55  Probe  
  102  10:07  Probe  
  103  10:19  Probe  
  104  10:26  Pylon  
  104  10:27  Assimilator  
  104  10:30  Assimilator  
  104  10:42  Pylon  
  104  10:45  Tempest  
  109  10:57  Probe  
  110  11:05  Probe, Protoss Air Armor Level 1  
  110  11:09  Colossus  
  117  11:19  Zealot x3, Tempest  
  117  11:20  Zealot x3  
  117  11:21  Zealot  
  117  11:22  Zealot x2  
  117  11:23  Zealot  
  117  11:24  Zealot  
  144  11:39  Extended Thermal Lance  
  144  11:59  Observer  
  144  12:01  Tempest  
  150  12:09  Immortal  
  154  12:21  Pylon  
  154  12:27  Pylon  
  154  12:28  Pylon  
  154  12:32  Pylon  
  154  12:38  Pylon  
  154  12:41  Pylon  
  154  12:43  Tempest  
  159  12:49  Immortal  
  159  12:51  Cybernetics Core  
  163  12:56  Forge  
  163  13:00  Pylon  
  163  13:04  Pylon  
  163  13:07  Pylon  
  163  13:14  Pylon  
  163  13:26  Tempest  
  168  13:32  Pylon  
  168  13:38  Shield Battery  
  168  13:41  Shield Battery, High Templar x4  
  170  13:42  High Templar x2  
  170  13:44  High Templar  
  170  13:45  High Templar x3  
  188  13:49  Archon  
  188  13:50  Archon x3  
  188  13:51  Archon  
  188  14:03  Tempest  
  193  14:30  Tempest  
  193  14:36  Pylon  
  193  14:38  Pylon  
  193  14:43  Protoss Air Weapons Level 2  
  198  14:47  Protoss Air Armor Level 2  
  198  14:55  Protoss Ground Armor Level 2  
  198  15:05  Protoss Ground Weapons Level 2  
Show
View Real Time Build Order
Export as new Build Order

준식뽀꾸 Terran 

Build Orders:  

Get SALT Encoding   

  12  0:06  SCV  
  13  0:18  SCV  
  14  0:26  Supply Depot  
  14  0:38  Supply Depot  
  14  0:51  Barracks  
  14  1:00  SCV  
  15  1:08  Refinery  
  15  1:12  SCV  
  16  1:24  SCV  
  17  1:32  Barracks  
  17  1:33  Barracks  
  17  1:37  SCV  
  17  1:38  Refinery  
  18  1:49  SCV  
  19  2:02  SCV  
  19  2:04  Marine  
  21  2:14  SCV  
  22  2:22  Marine  
  23  2:26  SCV  
  24  2:38  SCV, Barracks Tech Lab  
  24  2:39  Marine, Barracks Tech Lab  
  27  2:55  Factory  
  27  3:00  Orbital Command  
  26  3:18  Marauder  
  28  3:21  Marauder  
  28  3:26  Concussive Shells  
  30  3:50  Starport  
  30  3:54  SCV  
  31  3:56  Starport  
  31  4:01  Factory Tech Lab  
  31  4:16  Supply Depot  
  31  4:21  Supply Depot  
  31  4:24  Supply Depot  
  31  4:38  Marauder x2, SCV  
  36  4:49  Supply Depot  
  36  4:50  SCV  
  36  4:51  Supply Depot  
  37  4:52  Supply Depot  
  37  4:57  Starport Tech Lab x2  
  37  5:02  SCV  
  38  5:14  SCV  
  39  5:22  Marine  
  39  5:23  Marine  
  39  5:26  SCV  
  42  5:40  Marine x2  
  44  5:46  Factory Tech Lab  
  44  5:50  Marine  
  45  6:00  Engineering Bay  
  45  6:03  Marine  
  46  6:04  Marine  
  46  6:08  Combat Shield, Marine  
  48  6:20  Marine  
  48  6:21  Engineering Bay  
  48  6:22  Marine  
  50  6:26  Marine  
  51  6:38  Marine  
  52  6:40  Marine  
  53  6:49  Raven  
  53  6:52  SCV  
  56  6:57  Supply Depot  
  58  7:04  SCV  
  57  7:17  SCV  
  57  7:20  Supply Depot  
  58  7:29  SCV  
  59  7:41  Fusion Core  
  59  7:43  Supply Depot  
  59  7:47  Armory  
  59  8:20  Marine  
  59  8:21  Marine  
  59  8:22  Marine  
  62  8:33  Battlecruiser  
  68  8:38  Marine  
  68  8:39  Marine  
  68  8:40  Marine  
  71  8:55  Marine  
  71  8:56  Marine  
  71  8:58  Marine  
  74  9:13  Marine  
  74  9:14  Marine  
  74  9:16  Marine  
  77  9:26  Command Center  
  77  9:31  Marine  
  77  9:32  Marine, SCV  
  77  9:34  Marine  
  77  9:35  Weapon Refit  
  81  9:44  SCV  
  82  9:56  SCV  
  83  10:04  Supply Depot  
  83  10:08  SCV  
  84  10:20  SCV  
  85  10:27  Supply Depot  
  85  10:50  Supply Depot  
  85  11:02  Refinery  
  85  11:03  SCV  
  86  11:04  Refinery  
  86  11:12  Supply Depot  
  86  11:15  SCV  
  87  11:24  Battlecruiser  
  93  11:27  SCV  
  94  11:39  SCV  
  95  11:51  SCV  
  96  12:12  Orbital Command  
  96  12:22  Supply Depot  
  96  12:24  Supply Depot  
  96  12:26  Barracks  
  96  12:28  Battlecruiser  
  67  13:32  Supply Depot, Battlecruiser  
  73  13:35  SCV  
  74  13:47  SCV  
  71  13:52  SCV  
  72  13:59  SCV  
  73  14:04  SCV  
  74  14:11  SCV  
  74  14:16  Battlecruiser  
  81  14:23  SCV  
  82  14:37  Battlecruiser  
  88  15:41  Battlecruiser  
  94  15:44  Supply Depot  
  94  16:07  Supply Depot  
  94  16:30  Supply Depot  
  94  16:52  Supply Depot  
  74  17:17  Supply Depot  
Tags
 
Add a new tag
Caveats
  • Supply blocks, unpowered buildings, or Contaminate may cause inaccurate times.
  • Supply counts are checked every 10 seconds.